 Dungeon Crawl Stone Soup version 0.24.0-1-gfbc8707122 (webtiles) character file.

Game seed: 16911865280538953312, levelgen mode: deterministic

240 xight the Magician (level 5, 0/28 HPs)
             Began as a Deep Elf Fire Elementalist on Oct 26, 2019.
             Slain by Purgy (9 damage)
             ... in a sewer.
             The game lasted 00:08:11 (3041 turns).

xight the Magician (Deep Elf Fire Elementalist)     Turns: 3041, Time: 00:08:12

Health: 0/28       AC:  2    Str:  5    XL:     5   Next: 79%
Magic:  0/14       EV: 13    Int: 21    God:
Gold:   143        SH:  0    Dex: 15    Spells: 5/14 levels left

rFire    . . .     SeeInvis .   (no weapon)
rCold    . . .     Gourm    .   (no shield)
rNeg     . . .     Faith    .   a - +0 robe
rPois    .         Spirit   .   (no helmet)
rElec    .         Reflect  .   (no cloak)
rCorr    .         Harm     .   (no gloves)
MR       .....                  (no boots)
Stlth    ++........             (no amulet)
HPRegen  0.09/turn              (no ring)
MPRegen  0.14/turn              (no ring)

@: no status effects
A: no striking features
a: no special abilities


You were in a sewer.
You were hungry.

You visited 1 branch of the dungeon, and saw 3 of its levels.
You also visited: Sewer.

You collected 143 gold pieces.

Inventory:

Armour
 a - a +0 robe (worn)
 e - a +0 pair of boots
Jewellery
 r - a +3 ring of intelligence {unknown}
Scrolls
 d - 2 scrolls of amnesia {unknown}
 f - 5 scrolls of teleportation {unknown}
 i - a scroll of random uselessness {unknown}
 j - 2 scrolls of enchant armour {unknown}
 k - a scroll of noise {unknown}
 l - 3 scrolls of identify {unknown}
 n - a scroll of enchant weapon {unknown}
Potions
 b - 2 potions of lignification {unknown}
 h - a potion of haste {unknown}
 m - 3 potions of brilliance {unknown}
 o - a potion of flight {unknown}
 p - a potion of mutation {unknown}
 q - a potion of ambrosia {unknown}
 s - a potion of degeneration {unknown}
Comestibles
 c - 6 rations


   Skills:
 + Level 3.2 Dodging
 + Level 3.4 Stealth
 * Level 5.0 Spellcasting
 * Level 3.2 Conjurations
 * Level 4.6 Fire Magic


You had 5 spell levels left.
You knew the following spells:

 Your Spells              Type           Power        Failure   Level  Hunger
a - Flame Tongue          Conj/Fire      ###..        2%          1    None
b - Throw Flame           Conj/Fire      ###...       3%          2    None
c - Conjure Flame         Conj/Fire      ###.....     6%          3    ##.....
g - Inner Flame           Hex/Fire       ##......     13%         3    ##.....

Your spell library contained the following spells:

 Spells                   Type           Power        Failure   Level  Hunger
 Sticky Flame             Conj/Fire      ###.....     22%         4    ####...
 Fireball                 Conj/Fire      ###.......   52%         5    #####..


Dungeon Overview and Level Annotations

Branches:
Dungeon (3/15)              Sewer (1/1)

Altars:
Okawaru

Annotations:
Sewer Purgy


Message History

Confirm with . or Enter, or press ? or * to list all spells.
Aiming: Flame Tongue (safe; 2% risk of failure)
Press: ? - help, Shift-Dir - straight line, f/p - Purgy
Aim: Purgy (severely wounded)
The flame tongue hits Purgy.
Purgy is almost dead.
Purgy barely misses you. Purgy closely misses you. x2
Casting: Flame Tongue (safe; 2% risk of failure)
Confirm with . or Enter, or press ? or * to list all spells.
You don't have enough magic to cast that spell.
Unknown command.
Casting: Flame Tongue (safe; 2% risk of failure)
Confirm with . or Enter, or press ? or * to list all spells.
Aiming: Flame Tongue (safe; 2% risk of failure)
Press: ? - help, Shift-Dir - straight line, f/p - Purgy
Aim: Purgy (heavily wounded)
The flame tongue hits Purgy!
Purgy is almost dead.
Purgy bites you!
You die...

#.# ....
#.# ###
#.# #.#
##.##
##...##
##.....##
#...≈...#
#..≈≈≈@.#
#.≈≈≈≈§T#
#..≈≈≈..#
#...≈...#
##.....##
##.∩.##
##.## ###


You could see Purgy.

Vanquished Creatures
  An orc priest (D:3)
  A worker ant (D:2)
  2 gnolls (D:3)
  8 adders
  2 worms
  3 dart slugs
  4 leopard geckos
  5 orcs (D:3)
  13 bats
  6 giant cockroaches
  6 goblins
  12 hobgoblins
  A quokka (D:2)
  2 ball pythons
  2 frilled lizards
  5 kobolds
  6 rats
79 creatures vanquished.

Notes
Turn   | Place    | Note
-------+----------+-------------------------------------------
     0 | D:1      | xight the Deep Elf Fire Elementalist began the quest for
                  | the Orb.
     0 | D:1      | Reached XP level 1. HP: 10/10 MP: 6/6
   389 | D:1      | Reached XP level 2. HP: 15/15 MP: 1/8
   970 | D:1      | Reached XP level 3. HP: 19/19 MP: 7/10
  1605 | D:2      | Reached skill level 4 in Spellcasting
  1756 | D:2      | Learned a level 2 spell: Throw Flame
  1760 | D:2      | Learned a level 3 spell: Conjure Flame
  1764 | D:2      | Learned a level 3 spell: Inner Flame
  1814 | D:2      | Reached XP level 4. HP: 24/24 MP: 2/12
  2337 | D:3      | Found an iron altar of Okawaru.
  2435 | D:3      | Reached XP level 5. HP: 28/28 MP: 3/13
  2498 | D:3      | Found a faded altar of an unknown god.
  2773 | D:3      | Found a glowing drain.
  2789 | D:3      | Reached skill level 5 in Spellcasting
  2795 | Sewer    | Entered a sewer
  2966 | Sewer    | Noticed Purgy
  3041 | Sewer    | Slain by Purgy

Levels and vault maps discovered:
D:1:      onia_arrival_mini_maze, layout_loops_ring, minivault_19, minmay_tall_x
D:2:      layout_rooms
D:3:      layout_rooms, chequers_ecumenical_altar_simple, gup_sewer_entry_glass,
          first_ration, okawaru_trees_2
Sewer:    sewer_big_baddie

Skill      XL: |  1  2  3  4  5 |
---------------+----------------+-----
Spellcasting   | 4 5 |  5.0
Conjurations   | 2 3 |  3.2
Fire Magic     | 4 |  4.6
Stealth        | 3 |  3.4
Dodging        | 3 |  3.2

Action                   |  1- 3 |  4- 6 || total
-------------------------+-------+-------++-------
 Cast: Flame Tongue      |    66 |    88 ||   154
       Throw Flame       |     2 |    12 ||    14
       Conjure Flame     |       |     2 ||     2
       Inner Flame       |       |     1 ||     1
  Eat: Chunk             |     3 |     3 ||     6
Armor: Robe              |     4 |    10 ||    14
Dodge: Dodged            |    19 |    44 ||    63
